 Dungeon Crawl Stone Soup version 0.28.0-45-g0d030f2227 (webtiles) character file.

Game seed: 6779125341247190048

170 Icepheonix32 the Skirmisher (level 5, -2/42 HPs)
             Began as a Demonspawn Fighter on Apr 12, 2022.
             Slain by a gnoll
             ... wielding a +0 halberd
              (5 damage)
             ... on level 3 of the Dungeon.
             The game lasted 00:01:59 (1902 turns).

Icepheonix32 the Skirmisher (Demonspawn Fighter)    Turns: 1902, Time: 00:02:00

Health: -2/42      AC:  9    Str: 18    XL:     5   Next: 25%
Magic:  5/5        EV: 14    Int: 10    God:
Gold:   102        SH:  4    Dex: 12    Spells: 4/4 levels left

rFire   . . .      SeeInvis .   a - +0 war axe
rCold   . . .      Faith    .   c - +0 buckler
rNeg    . . .      Spirit   .   b - +0 scale mail
rPois   .          Reflect  .   (no helmet)
rElec   .          Harm     .   (no cloak)
rCorr   .          Rampage  .   (no gloves)
Will    .....                   (no boots)
Stlth   ..........              (no amulet)
HPRegen 0.14/turn               (no ring)
MPRegen 0.09/turn               (no ring)

@: agile
A: molten scales 2, powered by pain 1, demonic touch 1
a: no special abilities


You were on level 3 of the Dungeon.
You visited 1 branch of the dungeon, and saw 3 of its levels.

You collected 102 gold pieces.

Inventory:

Hand Weapons
 a - a +0 war axe (weapon)
Missiles
 f - 3 boomerangs (quivered)
 n - a throwing net
 q - 6 poisoned darts
Armour
 b - a +0 scale mail (worn)
 c - a +0 buckler (worn)
Wands
 l - a wand of flame (30)
Scrolls
 e - 3 scrolls of fog {unknown}
 g - 3 scrolls of vulnerability {unknown}
 h - a scroll of blinking {unknown}
 m - a scroll of noise {unknown}
 p - 3 scrolls of teleportation {unknown}
Potions
 d - a potion of might
 i - a potion of berserk rage {unknown}
 j - a potion of flight {unknown}
 k - a potion of magic {unknown}
 o - a potion of curing {unknown}
 r - a potion of brilliance {unknown}
 s - a potion of haste {unknown}


   Skills:
 + Level 3.7 Fighting
 - Level 2.6 Axes
 + Level 1.3 Throwing
 + Level 3.5 Armour
 + Level 1.1 Dodging
 + Level 0.1 Stealth
 - Level 2.9 Shields
 * Level 1.0 Unarmed Combat


You had 4 spell levels left.
You didn't know any spells.
Your spell library contained the following spells:

 Spells                   Type           Power      Damage    Failure   Level
 Blink                    Tloc           0%         N/A       93%         2
 Lesser Beckoning         Tloc           0%         N/A       99%         3
 Summon Guardian Golem    Hex/Summ       0%         N/A       99%         3
 Summon Ice Beast         Ice/Summ       0%         N/A       100%        4
 Manifold Assault         Tloc           0%         N/A       100%        5
 Summon Mana Viper        Hex/Summ       0%         N/A       100%        5
 Monstrous Menagerie      Summ           0%         N/A       100%        7
 Orb of Destruction       Conj           0%         9d5       100%        7
 Spellforged Servitor     Conj/Summ      0%         N/A       100%        7


Dungeon Overview and Level Annotations

Branches:
Dungeon (3/15)

Altars:


Innate Abilities, Weirdness & Mutations

You are mostly covered in molten scales. (AC +3)
You sometimes gain a little power by taking damage.
Your touch may inflict minor irresistible damage on your foes.


Message History

You are too injured to fight recklessly!
You are too injured to fight recklessly!
You are too injured to fight recklessly!
Unknown command.
You hit the gnoll.
You kill the gnoll!
The gnoll barely misses you.
Your Dodging skill increases to level 1!
Unknown command.
The gnoll barely misses you.
Things that are here:
a +0 flail; a +0 spear; a gnoll corpse You hit the gnoll.
The gnoll is moderately wounded.
The gnoll closely misses you.
You hit the gnoll.
The gnoll is severely wounded.
The gnoll barely misses you. The gnoll hits you with a +0 halberd.
You closely miss the gnoll.
The gnoll is heavily wounded.
The gnoll barely misses you.
You barely miss the gnoll.
The gnoll is heavily wounded.
You block the gnoll's attack. The gnoll barely misses you.
You hit the gnoll.
The gnoll is severely wounded.
The gnoll hits you with a +0 halberd!
* * * LOW HITPOINT WARNING * * *
You focus on the pain.
You feel agile all of a sudden.
You barely miss the gnoll.
The gnoll is severely wounded.
The gnoll completely misses you. You block the gnoll's attack.
You closely miss the gnoll.
The gnoll is severely wounded.
You block the gnoll's attack.
You closely miss the gnoll.
The gnoll is severely wounded.
The gnoll hits you with a +0 halberd.
You die...

###########
......g@).#
##############.#
#...........##.#
#...........##.#
#...........##.#
#...........##.#
#......†....##.#####
#..................#
#...........###.##.#


You could see a gnoll.

Vanquished Creatures
  2 orc priests (D:3)
  3 gnolls (D:3)
  4 adders
  2 worms
  2 dart slugs (D:3)
  An orc (D:3)
  A bat (D:1)
  4 endoplasms
  A giant cockroach (D:1)
  4 jackals (D:1)
  A quokka (D:1)
  A ball python (D:2)
  5 frilled lizards
  5 goblins
  3 kobolds
  6 rats
45 creatures vanquished.

Notes
Turn   | Place    | Note
-------+----------+-------------------------------------------
     0 | D:1      | Icepheonix32 the Demonspawn Fighter began the quest for the
                  | Orb.
     0 | D:1      | Reached XP level 1. HP: 18/18 MP: 1/1
    37 | D:1      | Found a faded altar of an unknown god.
   114 | D:1      | Gained mutation: You are partially covered in molten
                  | scales. (AC +2) [demonic ancestry]
   114 | D:1      | Reached XP level 2. HP: 24/24 MP: 2/2
   751 | D:2      | Gained mutation: You are mostly covered in molten scales.
                  | (AC +3) [demonic ancestry]
   751 | D:2      | Reached XP level 3. HP: 24/29 MP: 3/3
  1488 | D:3      | Reached skill level 1 in Throwing
  1527 | D:3      | Gained mutation: Your touch may inflict minor irresistible
                  | damage on your foes. [demonic ancestry]
  1527 | D:3      | Reached XP level 4. HP: 33/35 MP: 4/4
  1613 | D:3      | Reached skill level 1 in Unarmed Combat
  1872 | D:3      | Gained mutation: You sometimes gain a little power by
                  | taking damage. [demonic ancestry]
  1872 | D:3      | Reached XP level 5. HP: 41/41 MP: 5/5
  1894 | D:3      | Reached skill level 1 in Dodging
  1902 | D:3      | Slain by a gnoll

Illustrated notes

Levels and vault maps discovered:
D:1:      lemuel_arrival_broad_hall, layout_basic, serial_rivers,
          chequers_serial_rivers_micro_b, chequers_serial_rivers_large_b,
          chequers_serial_rivers_marsh, chequers_serial_rivers_micro_a,
          chequers_serial_rivers_micro_e,
          dreamdust_ecumenical_altar_angels_and_demons
D:2:      layout_basic, hangedman_glass_teeth, minmay_tromino_v2
D:3:      layout_basic, serial_shops,
          nicolae_shop_temple_entry_statues_fountains

Skill      XL: |  1  2  3  4  5 |
---------------+----------------+-----
Axes           | 2 |  2.6
Armour         | 3 |  3.5
Throwing       | 1 |  1.3
Unarmed Combat | 1 |  1.0
Dodging        | 1 |  1.1
Fighting       | |  3.7
Stealth        | |  0.1
Shields        | |  2.9

Action                   |  1- 3 |  4- 6 || total
-------------------------+-------+-------++-------
Melee: War axe           |    79 |    37 ||   116
Throw: Boomerang         |    27 |       ||    27
Armor: Scale mail        |    32 |     8 ||    40
Dodge: Dodged            |    35 |    21 ||    56
Block: Buckler           |    13 |     9 ||    22
